 Dungeon Sprint DCSS version 0.19.0-19-g8c6edcc (webtiles) character file.

819 poirepourri the Basher (level 7, -11/54 HPs)
             Began as a Gargoyle Fighter on Nov 15, 2016.
             Was an Initiate of Cheibriados.
             Killed from afar by a deep elf mage (25 damage)
             ... with a stone arrow
             ... in the Dungeon (Sprint III: "The Ten Rune Challenge").
             The game lasted 00:02:23 (906 turns).

poirepourri the Basher (Gargoyle Fighter)            Turns: 906, Time: 00:02:23

Health: -11/54     AC: 13    Str: 23    XL:     7   Next: 95%
Magic:  7/7        EV:  9    Int:  9    God:    Cheibriados [......]
Gold:   21         SH: 10    Dex: 10    Spells: 0 memorised, 6 levels left

rFire  . . .     SeeInvis .     a - +0 flail
rCold  . . .     Gourm    .     b - +0 scale mail
rNeg   + . .     Faith    .     c - +0 shield
rPois  ∞         Spirit   .     (no helmet)
rElec  +         Reflect  .     l - +0 cloak
rCorr  .         Harm     .     (no gloves)
MR     .....     NoTele   +     (no boots)
Stlth  ..........               (no amulet)
                                (no ring)
                                (no ring)

@: very slow
A: negative energy resistance 1, electricity resistance, unbreathing,
petrification resistance, rot immunity, AC +4
a: Bend Time, Renounce Religion


You were in the Dungeon.
You worshipped Cheibriados.
Cheibriados was noncommittal.
You were not hungry.

You visited 1 branch You collected 21 gold pieces.

Inventory:

Hand Weapons
 a - a +0 flail (weapon)
Armour
 b - a +0 scale mail (worn)
 c - a +0 shield (worn)
 l - a +0 cloak (worn)
Scrolls
 s - 2 scrolls of remove curse
Potions
 h - a potion of haste
 i - 2 potions of magic
 j - 3 potions of mutation
 o - a potion of brilliance
 p - 2 potions of flight
 u - 3 potions of cure mutation
Books
 d - a book of Minor Magic

   Spells                             Type                      Level
   a - Magic Dart                     Conjuration                  1
   b - Blink                          Translocation                2
   c - Call Imp                       Summoning                    2
   d - Repel Missiles                 Charms/Air                   2
   e - Slow                           Hexes                        2
   f - Conjure Flame                  Conjuration/Fire             3
   g - Mephitic Cloud                 Conjuration/Poison/Air       3
Comestibles
 f - 2 bread rations
 g - a royal jelly
 t - a meat ration


   Skills:
 + Level 11.3 Fighting
 + Level 11.6 Maces & Flails
 - Level 5.2 Armour
 + Level 4.0 Dodging
 - Level 4.7 Shields


You had 6 spell levels left.
You didn't know any spells.

Dungeon Overview and Level Annotations

Branches:
Dungeon (1/1)

Altars:
Cheibriados
Dithmenos
Elyvilon
Fedhas
Gozag
Hepliaklqana
Kikubaaqudgha
Makhleb
Nemelex Xobeh
Okawaru
Qazlal
Ru
Sif Muna
Trog
Uskayaw
Vehumet
Xom
Yredelemnul
Zin
The Shining One
Beogh
Jiyva
Lugonu


Innate Abilities, Weirdness & Mutations

You are resistant to torment.
Your stone body is resilient. (AC +4)
You are immune to poison.
You resist negative energy. (rN+)
You are resistant to electric shocks. (rElec)
You can survive without breathing.
You are immune to petrification.
You are immune to rotting.


Message History

The deep elf mage is lightly wounded.
The deep elf mage hits you but does no damage.
You bludgeon the deep elf mage!!
The deep elf mage is severely wounded.
The deep elf mage gestures wildly while chanting.
The deep elf mage blinks!
The earth elemental barely misses you. The earth elemental hits you.
You hit the deep elf mage but do no damage.
The deep elf mage is severely wounded.
The deep elf mage points at you and mumbles some strange words.
The stone arrow hits you!
You closely miss the deep elf mage.
The deep elf mage is severely wounded.
The earth elemental hits you!!
Ouch! That really hurt!
* * * LOW HITPOINT WARNING * * *
The earth elemental completely misses you.
The deep elf mage points at you and mumbles some strange words.
The stone arrow hits you!
You die...

▓▓▓▓▓ ▓▓▓ #...####
##.############
#......#####..#___#__[#__#
#.......#..#..#e@E#__.#._#
##.##...#..#..###E#'###)##
##.###..##'#..#..........#
###.##..###...'.⌠........#
#..##.)####...#...######'#
†..##..###....#.⌠.#__#...#
..##...##.....#...#__#...#
.##....#).....#)###__#...#
###..##.#.....#).:#__#...+


You could see 2 earth elementals and a deep elf mage.

Vanquished Creatures
  A shadow (D)
  A spatial vortex (D)
  A necrophage (D)
  A water elemental (D)
  A jelly (D)
  A wizard (D)
  Crazy Yiuf (D)
  A necromancer (D)
  3 humans (D)
  A kobold demonologist (D)
  An ooze (D)
  3 rats (D)
16 creatures vanquished.

Vanquished Creatures (others)
  2 draconian scorchers (D)
  6 hellions (D)
  2 yaktaurs (D)
  4 plants (D)
14 creatures vanquished.

Grand Total: 30 creatures vanquished

Notes
Turn   | Place    | Note
-------+----------+-------------------------------------------
     0 | D        | poirepourri the Gargoyle Fighter began the quest for the Orb.
     0 | D        | Reached XP level 1. HP: 14/14 MP: 1/1
    75 | D        | Killed a hellion
    95 | D        | Killed a yaktaur
    97 | D        | Noticed Crazy Yiuf
    99 | D        | Killed a hellion
   100 | D        | Killed a hellion
   100 | D        | Killed a hellion
   112 | D        | Killed a hellion
   115 | D        | Reached XP level 2. HP: 14/20 MP: 2/2
   115 | D        | Reached XP level 3. HP: 17/24 MP: 3/3
   118 | D        | Killed Crazy Yiuf
   118 | D        | Reached skill level 5 in Fighting
   118 | D        | Reached skill level 5 in Armour
   210 | D        | Killed a hellion
   252 | D        | Killed a white draconian scorcher
   272 | D        | Killed a yaktaur
   306 | D        | Noticed a water elemental
   309 | D        | Killed a water elemental
   309 | D        | Reached skill level 5 in Maces & Flails
   309 | D        | Reached skill level 1 in Dodging
   309 | D        | Reached XP level 4. HP: 32/32 MP: 4/4
   315 | D        | Found a radiant altar of Vehumet.
   315 | D        | Found a deep blue altar of Sif Muna.
   315 | D        | Found an ancient bone altar of Kikubaaqudgha.
   315 | D        | Noticed a wizard
   316 | D        | Killed a wizard
   316 | D        | Reached XP level 5. HP: 38/38 MP: 5/5
   334 | D        | Found a hide-covered altar of Uskayaw.
   334 | D        | Found a roughly hewn altar of Beogh.
   334 | D        | Found an iron altar of Okawaru.
   334 | D        | Found a bloodstained altar of Trog.
   334 | D        | Noticed a human
   334 | D        | Noticed a human
   345 | D        | Killed a human
   345 | D        | Reached XP level 6. HP: 12/46 MP: 6/6
   393 | D        | Killed a human
   393 | D        | Reached skill level 10 in Fighting
   452 | D        | Killed a white draconian scorcher
   579 | D        | Found a basalt altar of Yredelemnul.
   579 | D        | Found a shadowy altar of Dithmenos.
   579 | D        | Found a sacrificial altar of Ru.
   579 | D        | Noticed a necrophage
   580 | D        | Reached XP level 7. HP: 52/52 MP: 7/7
   583 | D        | Reached skill level 10 in Maces & Flails
   592 | D        | Noticed a shadow
   594 | D        | Killed a shadow
   719 | D        | Found a blossoming altar of Fedhas.
   719 | D        | Found a stormy altar of Qazlal.
   719 | D        | Found a snail-covered altar of Cheibriados.
   719 | D        | Found a burning altar of Makhleb.
   719 | D        | Found a shimmering altar of Xom.
   720 | D        | Found a hazy altar of Hepliaklqana.
   720 | D        | Found an opulent altar of Gozag.
   720 | D        | Found a sparkling altar of Nemelex Xobeh.
   720 | D        | Found a corrupted altar of Lugonu.
   720 | D        | Found a viscous altar of Jiyva.
   720 | D        | Noticed a spatial vortex
   724 | D        | Became a worshipper of Cheibriados the Contemplative
   747 | D        | Killed a spatial vortex
   899 | D        | Found a glowing silver altar of Zin.
   899 | D        | Found a glowing golden altar of the Shining One.
   899 | D        | Found a white marble altar of Elyvilon.
   900 | D        | Noticed a deep elf mage
   906 | D        | Killed from afar by a deep elf mage

Skill      XL: |  1  2  3  4  5  6  7 |
---------------+----------------------+-----
Armour         | 4 5 |  5.2
Fighting       | 4 6 7 9 10 11 | 11.3
Maces & Flails | 3 5 6 8 9 11 | 11.6
Shields        | 4 |  4.7
Dodging        | 1 2 3 4 |  4.0

Action                   |  1- 3 |  4- 6 |  7- 9 || total
-------------------------+-------+-------+-------++-------
Melee: Flail             |    29 |    46 |    26 ||   101
  Use: Potion            |     2 |     3 |       ||     5
       Scroll            |     5 |     1 |       ||     6
Armor: Scale mail        |     4 |    13 |     5 ||    22
Dodge: Dodged            |     7 |    11 |     6 ||    24
Block: Shield            |    13 |    18 |     2 ||    33
